IL
CHARLOTTE KNIGHTS @ ROCHESTER RED WINGS
05/06/2048
 
TOP OF THE 1ST
Charlotte Knights batting - Pitching for Rochester Red Wings : LHP Matt Walton
Pitching: LHP Matt Walton
Batting: RHB Ron Johansen 0-0: Called Strike
0-1: Ball
1-1: Fly out, F8 (Flyball, 8LD, EV 106.9 MPH)
Batting: RHB Micah Brown 0-0: Swinging Strike
0-1: Ball
1-1: Ball
2-1: Ball
3-1: Foul Ball, location: 2F
3-2: Foul Ball, location: 2F
3-2: Base on Balls
Batting: RHB Fletcher Easter 0-0: Called Strike
0-1: Ball
1-1: Foul Ball, location: 2F
1-2: Ball
2-2: Strikes out swinging
Batting: LHB Carlos Ramirez 0-0: Called Strike
0-1: Ball
1-1: Ball
2-1: SINGLE (Line Drive, 8LS, EV 108.8 MPH)
Micah Brown to second
Batting: RHB Vic Lucatero 0-0: Ball
1-0: Ball
2-0: Called Strike
2-1: Foul Ball, location: 2F
2-2: Ground out 4-3 (Groundball, 4, EV 86.2 MPH)
Top of the 1st over - 0 runs, 1 hit, 0 errors, 2 left on base; Charlotte 0 - Rochester 0
BOTTOM OF THE 1ST
Rochester Red Wings batting - Pitching for Charlotte Knights : LHP Isaias Felix
Pitching: LHP Isaias Felix
Batting: RHB Joe Young 0-0: Foul Ball, location: 2F
0-1: Ball
1-1: Swinging Strike
1-2: Ground out U3 (Groundball, 34, EV 101.9 MPH)
Batting: SHB Ian Thompson 0-0: Ball
1-0: Ball
2-0: Ball
3-0: Called Strike
3-1: Called Strike
3-2: Strikes out looking
Batting: RHB Mike Craver 0-0: Called Strike
0-1: Called Strike
0-2: Ball
1-2: Strikes out swinging
Bottom of the 1st over - 0 runs, 0 hits, 0 errors, 0 left on base; Charlotte 0 - Rochester 0
TOP OF THE 2ND
Charlotte Knights batting - Pitching for Rochester Red Wings : LHP Matt Walton
Batting: RHB Jeremy Hoffert 0-0: Foul Ball, location: 2F
0-1: Swinging Strike
0-2: Ball
1-2: Strikes out looking
Batting: RHB Kikuo Sato 0-0: Ball
1-0: Ground out 6-3 (Groundball, 6, EV 95.6 MPH)
Batting: LHB Jason Bell 0-0: Called Strike
0-1: Hit by Pitch
Batting: RHB Steve Waltenbery 0-0: Called Strike
0-1: Ball
1-1: Ball
2-1: Ball
3-1: Ground out 4-3 (Groundball, 4, EV 101.9 MPH)
Top of the 2nd over - 0 runs, 0 hits, 0 errors, 1 left on base; Charlotte 0 - Rochester 0
BOTTOM OF THE 2ND
Rochester Red Wings batting - Pitching for Charlotte Knights : LHP Isaias Felix
Batting: SHB Dan Morataya 0-0: Called Strike
0-1: Ball
1-1: Ball
2-1: Foul Ball, location: 2F
2-2: Foul Ball, location: 2F
2-2: Ground out 1-3 (Groundball, 25, EV 69.4 MPH)
Batting: LHB Chris Munguia 0-0: Swinging Strike
0-1: Ball
1-1: Foul Ball, location: 2F
1-2: Strikes out swinging
Batting: RHB Manuel Juarez 0-0: Fly out, F9 (Flyball, 89M, EV 95.0 MPH)
Bottom of the 2nd over - 0 runs, 0 hits, 0 errors, 0 left on base; Charlotte 0 - Rochester 0
TOP OF THE 3RD
Charlotte Knights batting - Pitching for Rochester Red Wings : LHP Matt Walton
Batting: RHB Ron Johansen 0-0: Ball
1-0: Fly out, F7 (Flyball, 7, EV 92.5 MPH)
Batting: RHB Micah Brown 0-0: Foul Ball, location: 2F
0-1: Swinging Strike
0-2: Strikes out swinging
Batting: RHB Fletcher Easter 0-0: Called Strike
0-1: Foul Ball, location: 2F
0-2: Strikes out swinging
Top of the 3rd over - 0 runs, 0 hits, 0 errors, 0 left on base; Charlotte 0 - Rochester 0
BOTTOM OF THE 3RD
Rochester Red Wings batting - Pitching for Charlotte Knights : LHP Isaias Felix
Batting: RHB Ryan Gautney 0-0: Ball
1-0: SINGLE (Groundball, 56D, EV 103.8 MPH)
Batting: RHB Juan Espinoza 0-0: Called Strike
0-1: Foul Ball, location: 2F
0-2: Ball
1-2: Strikes out swinging
Batting: RHB Jeremy Witt 0-0: Called Strike
0-1: Foul Ball, location: 2F
0-2: Foul Ball, location: 2F
0-2: Ball
1-2: Foul Ball, location: 2F
1-2: SINGLE (Groundball, 6D, EV 101.2 MPH)
Ryan Gautney to second
Batting: RHB Joe Young 0-0: Fielders Choice at 2nd, 3-6 (Groundball, 34, EV 77.5 MPH)
Ryan Gautney to third
Batting: SHB Ian Thompson 0-0: Ball
1-0: Swinging Strike
1-1: Foul Ball, location: 2F
1-2: Strikes out looking
Bottom of the 3rd over - 0 runs, 2 hits, 0 errors, 2 left on base; Charlotte 0 - Rochester 0
TOP OF THE 4TH
Charlotte Knights batting - Pitching for Rochester Red Wings : LHP Matt Walton
Batting: LHB Carlos Ramirez 0-0: Ball
1-0: Ball
2-0: Called Strike
2-1: Ball
3-1: Base on Balls
Batting: RHB Vic Lucatero 0-0: Ball
1-0: Ball
2-0: Ball
3-0: Called Strike
3-1: Base on Balls
Carlos Ramirez to second
Batting: RHB Jeremy Hoffert 0-0: Bunted foul
0-1: Bunted foul
0-2: Foul Ball, location: 2F
0-2: Ball
1-2: Ball
2-2: Foul Ball, location: 2F
2-2: Ball
3-2: Base on Balls
Carlos Ramirez to third
Vic Lucatero to second
Batting: RHB Kikuo Sato 0-0: SINGLE (Line Drive, 5D, EV 96.2 MPH)
Carlos Ramirez scores
Vic Lucatero to third
Jeremy Hoffert to second
Batting: LHB Jason Bell 0-0: Swinging Strike
0-1: Fly out, F7 (Flyball, 7S, EV 84.4 MPH)
Batting: RHB Steve Waltenbery 0-0: Grounds into fielders choice 1-2 (Groundball, 13S, EV 69.4 MPH)
Jeremy Hoffert to third
Kikuo Sato to second
Batting: RHB Ron Johansen 0-0: Foul Ball, location: 2F
0-1: Called Strike
0-2: Strikes out swinging
Top of the 4th over - 1 run, 1 hit, 0 errors, 3 left on base; Charlotte 1 - Rochester 0
BOTTOM OF THE 4TH
Rochester Red Wings batting - Pitching for Charlotte Knights : LHP Isaias Felix
Batting: RHB Mike Craver 0-0: Ball
1-0: Ball
2-0: Called Strike
2-1: Foul Ball, location: 2F
2-2: Foul Ball, location: 2F
2-2: Strikes out swinging
Batting: SHB Dan Morataya 0-0: Called Strike
0-1: Foul Ball, location: 2F
0-2: Strikes out looking
Batting: LHB Chris Munguia 0-0: Called Strike
0-1: Called Strike
0-2: Foul Ball, location: 2F
0-2: Foul Ball, location: 2F
0-2: Ball
1-2: Ground out 4-3 (Groundball, 4, EV 100.6 MPH)
Bottom of the 4th over - 0 runs, 0 hits, 0 errors, 0 left on base; Charlotte 1 - Rochester 0
TOP OF THE 5TH
Charlotte Knights batting - Pitching for Rochester Red Wings : LHP Matt Walton
Batting: RHB Micah Brown 0-0: Ball
1-0: Ball
2-0: Foul Ball, location: 2F
2-1: Foul Ball, location: 2F
2-2: Strikes out looking
Batting: RHB Fletcher Easter 0-0: Ball
1-0: Swinging Strike
1-1: Ball
2-1: Foul Ball, location: 2F
2-2: Ground out 4-3 (Groundball, 4M, EV 103.8 MPH)
Batting: LHB Carlos Ramirez 0-0: Called Strike
0-1: Ball
1-1: Swinging Strike
1-2: Ball
2-2: Foul Ball, location: 2F
2-2: Foul Ball, location: 2F
2-2: Strikes out looking
Top of the 5th over - 0 runs, 0 hits, 0 errors, 0 left on base; Charlotte 1 - Rochester 0
BOTTOM OF THE 5TH
Rochester Red Wings batting - Pitching for Charlotte Knights : LHP Isaias Felix
Batting: RHB Manuel Juarez 0-0: Called Strike
0-1: Fly out, F9 (Flyball, 9, EV 90.0 MPH)
Batting: RHB Ryan Gautney 0-0: Ball
1-0: Ground out 6-3 (Groundball, 6, EV 89.4 MPH)
Batting: RHB Juan Espinoza 0-0: Ball
1-0: Ball
2-0: Ball
3-0: Called Strike
3-1: Called Strike
3-2: Ground out 1-3 (Groundball, 34S, EV 73.1 MPH)
Bottom of the 5th over - 0 runs, 0 hits, 0 errors, 0 left on base; Charlotte 1 - Rochester 0
TOP OF THE 6TH
Charlotte Knights batting - Pitching for Rochester Red Wings : LHP Matt Walton
Batting: RHB Vic Lucatero 0-0: Foul Ball, location: 2F
0-1: Ball
1-1: Swinging Strike
1-2: Ball
2-2: Ball
3-2: SINGLE (Line Drive, 34D, EV 94.4 MPH)
Batting: RHB Jeremy Hoffert 0-0: Ball
1-0: Ball
Vic Lucatero steals 2nd base
2-0: Called Strike
2-1: Foul Ball, location: 2F
2-2: Strikes out swinging
Pitching: RHP Ryan Graham
Batting: RHB Kikuo Sato 0-0: Ball
1-0: SINGLE (Groundball, 5S, EV 70.0 MPH) (infield hit)
Vic Lucatero to third
Batting: LHB Jason Bell 0-0: Called Strike
0-1: Foul Ball, location: 2F
0-2: Ball
1-2: Foul Ball, location: 2F
1-2: Ground out 4-3 (Groundball, 4S, EV 68.1 MPH)
Kikuo Sato to second
Batting: RHB Steve Waltenbery 0-0: Ball
1-0: Fly out, F8 (Flyball, 8RM, EV 90.0 MPH)
Top of the 6th over - 0 runs, 2 hits, 0 errors, 2 left on base; Charlotte 1 - Rochester 0
BOTTOM OF THE 6TH
Rochester Red Wings batting - Pitching for Charlotte Knights : LHP Isaias Felix
Batting: RHB Jeremy Witt 0-0: Ball
1-0: Ball
2-0: Swinging Strike
2-1: Foul Ball, location: 2F
2-2: Ground out 5-3 (Groundball, 56, EV 108.1 MPH)
Batting: RHB Joe Young 0-0: Ball
1-0: Called Strike
1-1: Ball
2-1: Ball
3-1: Base on Balls
Batting: SHB Ian Thompson 0-0: Swinging Strike
0-1: Foul Ball, location: 2F
0-2: Ball
1-2: Ball
2-2: Strikes out swinging
Batting: RHB Mike Craver 0-0: Ball
1-0: Fly out, F5 (Line Drive, 5, EV 70.0 MPH)
Bottom of the 6th over - 0 runs, 0 hits, 0 errors, 1 left on base; Charlotte 1 - Rochester 0
TOP OF THE 7TH
Charlotte Knights batting - Pitching for Rochester Red Wings : RHP Ryan Graham
Batting: RHB Ron Johansen 0-0: Called Strike
0-1: Swinging Strike
0-2: Ball
1-2: Ball
2-2: Strikes out swinging
Pitching: RHP Justin Gorden
Batting: RHB Micah Brown 0-0: Called Strike
0-1: Fly out, F3 (Popup, 3SF, EV 71.9 MPH)
Batting: RHB Fletcher Easter 0-0: Swinging Strike
0-1: Swinging Strike
0-2: Ball
1-2: Ball
2-2: SOLO HOME RUN (Flyball, 78XD, EV 99.4 MPH), Distance : 400 ft
Batting: LHB Carlos Ramirez 0-0: Fly out, F6 (Popup, 6MD, EV 41.2 MPH)
Top of the 7th over - 1 run, 1 hit, 0 errors, 0 left on base; Charlotte 2 - Rochester 0
BOTTOM OF THE 7TH
Rochester Red Wings batting - Pitching for Charlotte Knights : LHP Isaias Felix
Batting: SHB Dan Morataya 0-0: Ball
1-0: SINGLE (Groundball, 56D, EV 99.4 MPH)
Batting: LHB Chris Munguia 0-0: Hit by Pitch
Dan Morataya to second
Batting: RHB Manuel Juarez 0-0: Bunted foul
0-1: Bunted foul
0-2: Ball
1-2: Strikes out looking
Batting: RHB Ryan Gautney 0-0: Ball
1-0: Ball
2-0: Ball
3-0: Called Strike
3-1: Called Strike
3-2: Base on Balls
Dan Morataya to third
Chris Munguia to second
Batting: RHB Juan Espinoza 0-0: Ball
1-0: Foul Ball, location: 2F
1-1: SINGLE (Groundball, 5L, EV 99.4 MPH)
Dan Morataya scores
Chris Munguia to third
Ryan Gautney to second
Runner from 3rd tries for Home, SAFE, throw by LF to home
Pitching: LHP Bobby Martin
Batting: RHB Jeremy Witt 0-0: Ball
1-0: Ball
2-0: Foul Ball, location: 2F
2-1: Called Strike
2-2: Ball
3-2: Base on Balls
Ryan Gautney to third
Juan Espinoza to second
Batting: RHB Joe Young 0-0: Grounds into fielders choice 4-2 (Groundball, 34, EV 93.1 MPH)
Juan Espinoza to third
Jeremy Witt to second
Batting: SHB Ian Thompson 0-0: Ball
1-0: Ball
2-0: Swinging Strike
2-1: Called Strike
2-2: Ball
3-2: Base on Balls
Juan Espinoza scores
Jeremy Witt to third
Joe Young to second
Pitching: RHP Luis Castillo
Batting: RHB Mike Craver 0-0: Ball
1-0: Ball
2-0: Ball
3-0: Called Strike
3-1: Fly out, F7 (Flyball, 7S, EV 90.6 MPH)
Bottom of the 7th over - 3 runs, 2 hits, 0 errors, 3 left on base; Charlotte 2 - Rochester 3
TOP OF THE 8TH
Charlotte Knights batting - Pitching for Rochester Red Wings : RHP Justin Gorden
Pinch Hitting: LHB Joe Kirkland 0-0: SINGLE (Groundball, 34D, EV 94.4 MPH)
Batting: RHB Jeremy Hoffert 0-0: Sac Bunt to P - play at first, batter OUT! 1-3
Joe Kirkland to second
Pinch Hitting: LHB John Thurman 0-0: Ball
1-0: Called Strike
1-1: Fly out, F5 (Popup, 25F, EV 80.6 MPH)
Batting: LHB Jason Bell 0-0: Ground out 4-3 (Groundball, 4, EV 85.6 MPH)
Top of the 8th over - 0 runs, 1 hit, 0 errors, 1 left on base; Charlotte 2 - Rochester 3
BOTTOM OF THE 8TH
Rochester Red Wings batting - Pitching for Charlotte Knights : RHP Luis Castillo
Now in CF: John Thurman
Now in RF: Joe Kirkland
Batting: SHB Dan Morataya 0-0: Foul Ball, location: 2F
0-1: Ball
1-1: Fly out, F9 (Flyball, 9, EV 91.9 MPH)
Batting: LHB Chris Munguia 0-0: Fly out, F8 (Line Drive, 8LM, EV 98.8 MPH)
Batting: RHB Manuel Juarez 0-0: Ground out 6-3 (Groundball, 6D, EV 83.8 MPH)
Bottom of the 8th over - 0 runs, 0 hits, 0 errors, 0 left on base; Charlotte 2 - Rochester 3
TOP OF THE 9TH
Charlotte Knights batting - Pitching for Rochester Red Wings : RHP Justin Gorden
Pitching: LHP Antoine Champagne
Batting: RHB Steve Waltenbery 0-0: Ball
1-0: Called Strike
1-1: Ground out 6-3 (Groundball, 56, EV 83.1 MPH)
Batting: RHB Ron Johansen 0-0: Ball
1-0: SINGLE (Groundball, 6S, EV 66.2 MPH) (infield hit)
Batting: RHB Micah Brown 0-0: Ball
1-0: 2-RUN HOME RUN (Line Drive, 9LD, EV 93.8 MPH), Distance : 350 ft
Batting: RHB Fletcher Easter 0-0: Called Strike
0-1: Ground out 2-3 (Groundball, 2R, EV 65.6 MPH)
Batting: LHB Carlos Ramirez 0-0: Ground out 4-3 (Groundball, 4S, EV 90.0 MPH)
Top of the 9th over - 2 runs, 2 hits, 0 errors, 0 left on base; Charlotte 4 - Rochester 3
BOTTOM OF THE 9TH
Rochester Red Wings batting - Pitching for Charlotte Knights : RHP Luis Castillo
Pitching: LHP Steven Wolf
Now in LF: Adam Tarbutton
Now in CF: Jeremy Hoffert
Now in RF: John Thurman
Batting: RHB Ryan Gautney 0-0: Ball
1-0: Foul Ball, location: 2F
1-1: Called Strike
1-2: Fly out, F4 (Line Drive, 4MD, EV 71.9 MPH)
Batting: RHB Juan Espinoza 0-0: Ball
1-0: Ball
2-0: SINGLE (Line Drive, 7S, EV 91.9 MPH)
Batting: RHB Jeremy Witt 0-0: Foul Ball, location: 2F
0-1: Grounds out, U3 (Groundball, 3L, EV 108.1 MPH)
Batting: RHB Joe Young 0-0: Ball
1-0: Foul Ball, location: 2F
1-1: Ball
2-1: Foul Ball, location: 2F
2-2: Strikes out swinging
Bottom of the 9th over - 0 runs, 1 hit, 0 errors, 1 left on base; Charlotte 4 - Rochester 3
Tuesday, March 28th , 2023 - OOTP Baseball 23.10 Build 110